 Dungeon Crawl Stone Soup version 0.28.0-1-gb440e238dd (webtiles) character file.

Game seed: 5062545348928032601

45170 trckry the Summoner (level 14, 0/136 (144) HPs)
             Began as an Ogre Summoner on Feb 19, 2022.
             Was a High Priest of Ru.
             Slain by a sea snake (14 damage)
             ... on level 1 of the Shoals.
             The game lasted 01:24:07 (28392 turns).

trckry the Summoner (Ogre Summoner)                Turns: 28392, Time: 01:24:07

HP:   0/136 (144)   AC:  6    Str: 15    XL:     14   Next: 31%
MP:   9/9           EV: 11    Int: 23    God:    Ru [*****.]
Gold: 1508          SH:  0    Dex:  9    Spells: 23/33 levels left

rFire   . . .      SeeInvis +   s - +10 trident "Killer Klown's Doom" {antimagic, +Blink rElec rPois Int+3 Stlth-}
rCold   . . .      Faith    .   (shield unavailable)
rNeg    . . .      Spirit   .   G - +1 robe {Will+}
rPois   +          Reflect  .   k - +0 hat {Stlth+}
rElec   +          Harm     .   q - +0 cloak
rCorr   .          Rampage  .   (gloves unavailable)
Will    +....                   (boots unavailable)
Stlth   ..........              o - amulet of magic regeneration
HPRegen 0.32/turn               (ring unavailable)
MPRegen 0.51/turn               f - ring of see invisible

@: exhausted, drained
A: large, unfitting armour, tough skin 1, missing a hand, no stealth,
weak-willed 1
a: Renounce Religion, Evoke Blink, Draw Out Power, Power Leap, Apocalypse


You were on level 1 of the Shoals.
You worshipped Ru.
Ru was extremely pleased with you.
You visited 6 branches of the dungeon, and saw 21 of its levels.

You collected 1612 gold pieces.
You spent 104 gold pieces at shops.

Inventory:

Hand Weapons
 s - the +10 trident "Killer Klown's Doom" (weapon) {antimagic, +Blink rElec rPois Int+3 Stlth-}
   (You found it on level 4 of the Dungeon)

   It reduces the magical energy of the wielder, and disrupts the spells and
   magical abilities of those it strikes.
   Natural abilities and divine invocations are not affected.
   Int:       It affects your intelligence (+3).
   rElec:     It insulates you from electricity.
   rPois:     It protects you from poison.
   +Blink:    It lets you blink.
   Stlth:     It makes you less stealthy.
Missiles
 h - 5 atropa-tipped darts
 t - 18 poisoned darts (quivered)
 v - 3 throwing nets
 A - 6 large rocks
Armour
 k - a +0 hat of stealth (worn)
 q - a +0 cloak (worn)
 G - a +1 robe of willpower (worn)
Jewellery
 f - a ring of see invisible (right hand)
 o - an amulet of magic regeneration (around neck)
 B - a ring of magical power
 H - a ring of resist corrosion
 L - an amulet of regeneration
Wands
 g - a wand of iceblast (10)
 u - a wand of flame (12)
 y - a wand of polymorph (28)
 J - a wand of digging (8)
 M - a wand of paralysis (11)
Scrolls
 a - 4 scrolls of identify
 c - 2 scrolls of amnesia {unknown}
 d - 5 scrolls of teleportation
 j - 3 scrolls of fog
 m - 2 scrolls of magic mapping {unknown}
 n - 5 scrolls of vulnerability
 r - 3 scrolls of brand weapon
 I - a scroll of silence {unknown}
 K - a scroll of enchant armour {unknown}
 N - a scroll of fear {unknown}
 O - a scroll of summoning {unknown}
Potions
 b - 5 potions of attraction
 e - 4 potions of heal wounds
 i - 2 potions of mutation
 l - 3 potions of curing
 p - 3 potions of might
 w - 2 potions of lignification
 x - a potion of haste
 z - 3 potions of ambrosia
 D - 2 potions of brilliance
 F - 2 potions of cancellation
Miscellaneous
 C - a condenser vane
 E - a lightning rod (4/4)


   Skills:
 + Level 10.6 Fighting
 + Level 7.9 Armour
 + Level 8.0 Dodging
 + Level 10.0 Spellcasting
 - Level 12.9 Summonings
 + Level 6.0 Air Magic
 + Level 7.9 Evocations


You had 23 spell levels left.
You knew the following spells:

 Your Spells              Type           Power      Damage    Failure   Level
a - Summon Small Mammal   Summ           100%       N/A       1%          1
b - Call Imp              Summ           63%        N/A       1%          2
c - Call Canine Familiar  Summ           63%        N/A       1%          3
d - Summon Lightning Spi  Summ/Air       53%        N/A       1%          4

Your spell library contained the following spells:

 Spells                   Type           Power      Damage    Failure   Level
 Summon Guardian Golem    Hex/Summ       41%        N/A       1%          3
 Corpse Rot               Necr/Air       50%        N/A       2%          2
 Foxfire                  Conj/Fire      44%        2x1d6     5%          1
 Blink                    Tloc           22%        N/A       9%          2
 Conjure Flame            Conj/Fire      11%        6-21      17%         3
 Inner Flame              Hex/Fire       11%        N/A       17%         3
 Lesser Beckoning         Tloc           11%        N/A       17%         3
 Dispel Undead            Necr           11%        3d9       50%         4
 Flame Wave               Conj/Fire      11%        2d5       50%         4
 Blade Hands              Tmut           5%         N/A       83%         5
 Irradiate                Conj/Tmut      5%         3d15      83%         5
 Manifold Assault         Tloc           11%        N/A       83%         5
 Death Channel            Necr           5%         N/A       100%        6
 Dragon Form              Tmut           5%         N/A       100%        7


Dungeon Overview and Level Annotations

Branches:
Dungeon (12/15)            Temple (1/1) D:4            Lair (4/6) D:9
 Shoals (1/4) Lair:4        Snake (1/4) Lair:2          Orc (2/2) D:9
    Elf (0/3) Orc:2

Altars:
Ashenzari
Cheibriados
Dithmenos
Elyvilon
Fedhas
Gozag
Hepliaklqana
Kikubaaqudgha
Makhleb
Nemelex Xobeh
Okawaru
Qazlal
Ru
Sif Muna
Trog
Uskayaw
Vehumet
Wu Jian
Xom
Yredelemnul
Zin
The Shining One

Shops:
D:4 [   D:5 *   D:9 *   Orc:1 ?   Orc:2 *=[(

Annotations:
Lair:1 2 transporters, avis's ghost, journeyman VSTm
Orc:2 3 runed translucent doors, Jase's ghost, journeyman TrMo


Innate Abilities, Weirdness & Mutations

You are too large for most types of armour.
You have tough skin. (AC +1)
You are missing a hand.
You cannot be stealthy.
You are slightly weak-willed. (Will-)


Message History

Aim: a sea snake Attack!
You closely miss the sea snake.
Your warg bites the sea snake.
The sea snake closely misses you.
Your warg barely misses the sea snake.
You barely miss the sea snake.
The sea snake is lightly wounded.
The sea snake is stunned by your conviction and fails to attack.
The sea snake misses you.
Your warg closely misses the sea snake.
You puncture the sea snake!
The sea snake is lightly wounded.
Your warg bites the sea snake but does no damage.
The sea snake bites you.
Your warg misses the sea snake. The sea snake bites you.
You hit the sea snake.
The sea snake is moderately wounded.
Your warg completely misses the sea snake.
The sea snake bites you.
Your warg barely misses the sea snake.
You puncture the sea snake!
The sea snake is moderately wounded.
The sea snake bites you!!
* * * LOW HITPOINT WARNING * * *
Your warg barely misses the sea snake.
The sea snake closely misses you.
Aiming: Throw Flame
Press: ? - help, Shift-Dir - straight line, f/p - sea snake
Aim: a sea snake (moderately wounded, ally target, 60% to hit)
The puff of flame misses the sea snake.
Your warg closely misses the sea snake.
The sea snake bites you!!
* * * LOW HITPOINT WARNING * * *
Your warg barely misses the sea snake.
Okay, then.
You are restored by drawing out deep reserves of power within.
You feel drained. The sea snake bites you!
* * * LOW HITPOINT WARNING * * *
Your warg bites the sea snake!
You puncture the sea snake!
The sea snake is severely wounded.
The sea snake bites you!
* * * LOW HITPOINT WARNING * * *
Your warg misses the sea snake. The sea snake bites you!
You die...

..≈≈≈≈≈≈≈≈≈≈≈
...≈≈≈≈≈≈≈≈≈≈#
....≈≈≈≈≈≈≈≈≈##
....≈≈≈.≈≈≈≈≈≈##≈
..≈≈≈≈≈...≈≈≈≈≈≈≈
......≈....≈≈≈≈≈≈≈P≈≈≈
............≈≈≈PPP≈≈≈≈
......≈.....P..PPPP)..
...#..@.†≈.....P≈P...
.......Sh≈≈†....P..P.#
........††...##...≈.P#
......###...≈.#..≈≈..###
...... ##...≈..P≈PP....
...... #..............
...... ##..............
......###.........PP..P#
............###..P.....


You could see a sea snake (ally target) and a friendly warg (summoned).

Vanquished Creatures
  A hydra (Lair:2)
  2 orc high priests (Orc:2)
  3 harpies (Shoals:1)
  An orc sorcerer (Orc:2)
  An elephant (Lair:4)
  A cyclops (D:11)
  A black mamba (Lair:3)
  3 cane toads
  A rime drake (Lair:1)
  2 unseen horrors
  Maggie (D:8)
  A komodo dragon (Lair:2)
  A troll (D:6)
  3 blink frogs
  A snapping turtle (Shoals:1)
  3 wraiths (D:12)
  3 yaks
  A hog (Lair:4)
  3 vampire mosquitoes
  2 wargs
  5 water moccasins
  2 sky beasts
  7 orc warriors
  2 black bears
  2 necrophages
  A wolf (Lair:2)
  4 ogres
  A phantom (D:6)
  A kobold brigand (D:10)
  8 bullfrogs
  2 scorpions
  A wyvern zombie (D:7)
  A water moccasin zombie (D:7)
  A howler monkey (D:8)
  A bullfrog zombie (D:6)
  A centaur zombie (D:7)
  2 hounds
  4 orc priests
  A gnoll shaman (D:8)
  3 iguanas
  9 orc wizards
  A killer bee zombie (D:8)
  2 hound skeletons (D:5)
  An adder (D:6)
  8 gnolls
  3 shadow imps
  2 white imps (D:6)
  19 orcs
  A quokka (D:4)
  A goblin (D:4)
  8 kobolds
140 creatures vanquished.

Vanquished Creatures (collateral kills)
  Gastronok (D:10)
  3 hydras
  2 two-headed ogres
  Urug (Lair:4)
  An orc high priest (Orc:2)
  6 death yaks (Lair:4)
  Pikel (D:9)
  4 orc knights
  A harpy (Shoals:1)
  A cyclops (D:12)
  Joseph (D:8)
  8 elephants (Lair:4)
  A gargoyle (D:12)
  A black mamba (Lair:4)
  8 cane toads
  A kobold demonologist (D:9)
  A rime drake (Lair:2)
  2 komodo dragons
  7 trolls
  Prince Ribbit (D:7)
  A shadow (D:10)
  2 wyverns
  2 wraiths
  28 yaks
  2 vampire mosquitoes
  3 wargs
  6 water moccasins
  A hornet zombie (D:7)
  3 black bears
  22 orc warriors
  3 ice beasts
  4 wolves (Lair:2)
  4 ogres
  8 centaurs
  A lemure (D:9)
  A kobold brigand (D:6)
  6 bullfrogs
  2 gnoll sergeants
  2 scorpions (D:6)
  4 wights (D:8)
  A howler monkey (D:5)
  3 centaur zombies
  A gnoll shaman (D:7)
  A hound (D:6)
  A bullfrog skeleton (D:6)
  14 orc priests
  An iguana (D:6)
  6 orc wizards
  5 hell rats (Lair:3)
  A hound skeleton (D:3)
  2 howler monkey zombies
  20 gnolls
  7 adders
  A dart slug (D:1)
  36 orcs
  5 ball pythons
  5 endoplasms
  5 giant cockroaches
  10 hobgoblins
  11 jackals (D:1)
  2 quokkas
  4 bats
  4 frilled lizards
  7 goblins
  12 kobolds
  5 rats
327 creatures vanquished.

Vanquished Creatures (others)
  A black mamba (Lair:1)
  A centaur (D:10)
  An orc wizard (Orc:1)
  35 fungi
  23 plants
61 creatures vanquished.

Grand Total: 528 creatures vanquished

Notes
Turn   | Place    | Note
-------+----------+-------------------------------------------
     0 | D:1      | trckry the Ogre Summoner began the quest for the Orb.
     0 | D:1      | Reached XP level 1. HP: 16/16 MP: 3/3
   383 | D:1      | Reached XP level 2. HP: 24/24 MP: 2/5
   517 | D:1      | Reached skill level 4 in Summonings
  1120 | D:1      | Reached XP level 3. HP: 20/31 MP: 0/7
  1637 | D:1      | Learned a level 2 spell: Call Imp
  1641 | D:1      | Learned a level 3 spell: Call Canine Familiar
  1858 | D:2      | Found a faded altar of an unknown god.
  1903 | D:2      | Reached XP level 4. HP: 25/39 MP: 2/9
  2486 | D:2      | Reached skill level 5 in Summonings
  2762 | D:2      | Learned a level 4 spell: Summon Lightning Spire
  2829 | D:3      | Reached XP level 5. HP: 45/45 MP: 6/10
  3425 | D:3      | Reached skill level 1 in Air Magic
  3915 | D:4      | Found a staircase to the Ecumenical Temple.
  3928 | Temple   | Entered the Ecumenical Temple
  4025 | Temple   | Became a worshipper of Ru the Awakened
  4086 | D:4      | Identified the +10 trident "Killer Klown's Doom"
                  | {antimagic, +Blink rElec rPois Int+3 Stlth-}
  4119 | D:4      | Reached XP level 6. HP: 53/53 MP: 12/12
  4532 | D:4      | Found a hide-covered altar of Uskayaw.
  4544 | D:4      | Identified the +0 leather armour of the Hidden Vale {rElec
                  | rPois Int-4}
  4785 | D:4      | Found Ammegit's Armour Boutique.
  5089 | D:5      | Entered Level 5 of the Dungeon
  5110 | D:5      | Reached skill level 6 in Summonings
  5110 | D:5      | Reached XP level 7. HP: 40/59 MP: 4/14
  5483 | D:5      | Reached skill level 5 in Spellcasting
  5851 | D:5      | Found Cuoske Niune's General Store.
  5858 | D:5      | Found Selujo's Specific Store.
  5863 | D:5      | Bought a scroll of fog for 20 gold pieces
  5920 | D:5      | Found a white marble altar of Elyvilon.
  6095 | D:5      | Reached skill level 7 in Summonings
  6095 | D:5      | Reached XP level 8. HP: 66/67 MP: 5/16
  6772 | D:6      | Gained mutation: You are missing a hand. [Ru sacrifice]
  6772 | D:6      | Reached * piety under Ru
  6772 | D:6      | Reached ** piety under Ru
  6840 | D:6      | Reached skill level 8 in Summonings
  6848 | D:6      | Noticed a troll
  6868 | D:6      | Killed a troll
  6869 | D:6      | Reached XP level 9. HP: 27/74 MP: 5/19
  7237 | D:6      | Noticed a two-headed ogre
  7248 | D:6      | Killed a two-headed ogre
  7249 | D:6      | Reached skill level 9 in Summonings
  7249 | D:6      | Reached skill level 5 in Air Magic
  7963 | D:6      | Reached XP level 10. HP: 54/81 MP: 6/22
  8204 | D:6      | Reached skill level 10 in Summonings
  9091 | D:7      | Noticed Prince Ribbit
  9103 | D:7      | Killed Prince Ribbit
  9266 | D:7      | Found a glowing golden altar of the Shining One.
 10303 | D:8      | Reached skill level 11 in Summonings
 10816 | D:8      | Noticed Maggie
 10826 | D:8      | Killed Maggie
 10882 | D:8      | Found a shimmering altar of Xom.
 11279 | D:8      | Found a burning altar of Makhleb.
 11395 | D:8      | Noticed Joseph
 11408 | D:8      | Killed Joseph
 11751 | D:9      | Noticed a kobold demonologist
 11762 | D:9      | Killed a kobold demonologist
 11763 | D:9      | Reached XP level 11. HP: 78/88 MP: 11/24
 11809 | D:9      | Reached skill level 10 in Spellcasting
 11809 | D:9      | Reached skill level 12 in Summonings
 11809 | D:9      | Found a staircase to the Lair.
 11877 | D:9      | Found a staircase to the Orcish Mines.
 11929 | D:9      | Noticed Pikel
 11933 | D:9      | Killed Pikel
 12045 | D:9      | Found Xiom's Demolitions Depot.
 12078 | D:9      | Found an ancient bone altar of Kikubaaqudgha.
 12078 | D:9      | Found an ornate altar of the Wu Jian Council.
 12080 | D:9      | Found an iron altar of Okawaru.
 12702 | D:10     | Entered Level 10 of the Dungeon
 12727 | D:10     | Noticed Gastronok
 12761 | D:10     | Killed Gastronok
 12762 | D:10     | Reached skill level 1 in Fighting
 12972 | D:10     | Gained mutation: You cannot be stealthy. [Ru sacrifice]
 12972 | D:10     | Reached *** piety under Ru
 13457 | D:10     | Reached skill level 1 in Armour
 13466 | D:10     | HP: 7/93 [centaur/arrow (8)]
 13878 | D:10     | Reached skill level 1 in Evocations
 14891 | D:11     | HP: 7/97 [unseen horror (9)]
 14892 | D:11     | HP: 1/97 [unseen horror (7)]
 14935 | D:11     | Noticed a two-headed ogre
 15305 | D:11     | Killed a two-headed ogre
 15389 | D:11     | Noticed a six-headed hydra
 15407 | D:11     | Killed a six-headed hydra
 16022 | D:11     | Noticed a cyclops
 16037 | D:11     | Killed a cyclops
 16038 | D:11     | Reached XP level 12. HP: 100/110 MP: 10/26
 16266 | D:11     | Reached skill level 5 in Fighting
 16823 | D:12     | Gained mutation: You are slightly weak-willed. (Will-) [Ru
                  | sacrifice]
 16823 | D:12     | Reached **** piety under Ru
 16823 | D:12     | Reached ***** piety under Ru
 18702 | Orc:1    | Entered Level 1 of the Orcish Mines
 18866 | Orc:1    | Found Woorono's Magic Scroll Shop.
 18989 | Orc:1    | Reached skill level 5 in Dodging
 19719 | Orc:2    | Entered Level 2 of the Orcish Mines
 19734 | Orc:2    | Found a staircase to the Elven Halls.
 19783 | Orc:2    | Noticed an orc high priest
 19784 | Orc:2    | Noticed an orc high priest
 19795 | Orc:2    | Noticed a soul eater
 20512 | Orc:2    | Found Fewoyph's Antique Weapon Boutique.
 20529 | Orc:2    | Killed an orc high priest
 20543 | Orc:2    | Killed an orc high priest
 20569 | Orc:2    | Paralysed by an orc sorcerer for 4 turns
 21232 | Orc:2    | Found a runed translucent gate.
 21268 | Orc:2    | Reached skill level 5 in Armour
 21293 | Orc:2    | Reached skill level 5 in Evocations
 21362 | Orc:2    | Reached XP level 13. HP: 51/127 MP: 4/27
 22095 | Orc:2    | Found Oraawab's Jewellery Emporium.
 22177 | Orc:2    | Found Paloneh's General Store.
 22185 | Orc:2    | Bought a scroll of teleportation for 42 gold pieces
 22185 | Orc:2    | Bought a potion of curing for 42 gold pieces
 22285 | Orc:2    | Found a runed translucent gate.
 22285 | Orc:2    | Found a runed translucent gate.
 22289 | Orc:2    | Noticed Jase's ghost (journeyman TrMo)
 22307 | Orc:2    | Found Urepnad's Antique Armour Emporium.
 22416 | Orc:2    | Noticed an orc warlord
 23015 | Lair:1   | Entered Level 1 of the Lair of Beasts
 23832 | Lair:1   | Found a transporter.
 23832 | Lair:1   | Noticed avis's ghost (journeyman VSTm)
 23868 | Lair:1   | Found a transporter.
 25171 | Lair:2   | Found a staircase to the Snake Pit.
 25178 | Snake:1  | Entered Level 1 of the Snake Pit
 26989 | Lair:4   | Noticed Urug
 27588 | Lair:4   | Reached XP level 14. HP: 77/126 MP: 2/28
 27629 | Lair:4   | Reached skill level 10 in Fighting
 27999 | Lair:4   | Killed Urug
 28200 | Lair:4   | Found a staircase to the Shoals.
 28211 | Shoals:1 | Entered Level 1 of the Shoals
 28290 | Shoals:1 | HP: 30/213 [harpy (5)]
 28390 | Shoals:1 | HP: 7/143 [sea snake (18)]
 28392 | Shoals:1 | Slain by a sea snake

Illustrated notes

Levels and vault maps discovered:
D:1:      tarquinn_simple_flora_water_c, layout_rooms
D:2:      layout_basic, chequers_ecumenical_altar_island, minmay_split_cup_small
D:3:      layout_rooms
D:4:      layout_basic, eat_drink_and_be_merry_uskayaw,
          minmay_temple_entry_wispy, serial_shops, nicolae_shop_hallway_plus
D:5:      layout_loops_cross, mainiacjoe_overflow_alcove_2,
          minmay_misc_feat_encased, nicolae_specific_store
D:6:      layout_basic, nzn_random_ring
D:7:      layout_basic, mainiacjoe_overflow_24_doors, uniq_prince_ribbit1
D:8:      layout_cave_pools, nicolae_overflow_hidden_temple,
          makhleb_grotto_becter, nicolae_two_hexagons, kennysheep_small_square,
          uniq_maggie, uniq_joseph
D:9:      layout_roguey, minitemple, lair_entry_dummy, orc_0_dummy,
          nicolae_blasting_shop, uniq_pikel
D:10:     layout_roguey, centaur_isle, uniq_gastronok
D:11:     layout_stronghold
D:12:     layout_grid_maze, gauntlet_entry_generic, grunt_ministairs_4
Temple:   jpeg_temple_clearing
Lair:1:   layout_small_grid, gammafunk_ghost_arena, beast_lair_carwin_4
Lair:2:   layout_big_grid, dummy_snake_entry, lemuel_fruit_fields,
          grunt_megastairs_1
Lair:3:   layout_gridlike
Lair:4:   layout_concentric_octagons, shoals_dummy_entry,
          grunt_forest_small_clearing_treed, grunt_megastairs_5, uniq_kirke,
          uniq_urug
Shoals:1: layout_shoals, portal_ice_cave_entry_ugly_swarm,
          nicolae_shoals_nymph_descending_staircase
Snake:1:  layout_basic, serial_shops, shop, shop_statue, shop, shop_fountains,
          ebering_ghost_gozag, serial_bayou_shore_b
Orc:1:    layout_caves, serial_shops,
          nicolae_shop_temple_entry_statues_fountains, nicolae_orc_rockfall
Orc:2:    grunt_orc_gardens, layout_caves, grunt_orc_garden, grunt_orc_garden,
          grunt_orc_garden, grunt_orc_garden, ebering_ghost_rock_garden

Skill      XL: |  1  2  3  4  5  6  7  8  9 10 11 12 13 14 |
---------------+-------------------------------------------+-----
Summonings     | 4 5 6 7 8 9 11 12 | 12.9
Spellcasting   | 3 4 5 6 8 9 10 | 10.0
Air Magic      | 1 2 3 4 5 6 |  6.0
Fighting       | 4 8 9 10 | 10.6
Dodging        | 3 6 8 |  8.0
Stealth        | 0 |  0.0
Armour         | 3 5 7 |  7.9
Evocations     | 2 5 7 |  7.9

Action                   |  1- 3 |  4- 6 |  7- 9 | 10-12 | 13-15 || total
-------------------------+-------+-------+-------+-------+-------++-------
Melee: Unarmed           |     1 |       |       |       |       ||     1
       Trident           |       |    35 |   113 |   293 |   145 ||   586
Throw: Dart              |       |       |       |     6 |       ||     6
 Cast: Summon Small Mamm |    79 |     2 |       |       |       ||    81
       Call Imp          |     4 |    14 |       |       |       ||    18
       Call Canine Famil |       |    19 |    26 |    53 |    43 ||   141
       Summon Lightning  |       |       |     3 |    65 |    65 ||   133
Invok: Sacrifice a Hand  |       |       |     1 |       |       ||     1
       Sacrifice Stealth |       |       |       |     1 |       ||     1
       Apocalypse        |       |       |       |     1 |     2 ||     3
       Sacrifice Essence |       |       |       |     1 |       ||     1
       Power Leap        |       |       |       |       |     1 ||     1
       Reject Sacrifices |       |       |       |       |     1 ||     1
       Draw Out Power    |       |       |       |       |     2 ||     2
 Abil: Evoke Blink       |       |       |       |     1 |     1 ||     2
Evoke: Lightning rod     |       |       |       |     1 |     1 ||     2
       Wand              |       |       |       |       |     1 ||     1
  Use: Potion            |       |       |       |     3 |     1 ||     4
       Scroll            |       |       |       |    15 |       ||    15
 Stab: Distracted        |       |       |     1 |     3 |     4 ||     8
       Invisible         |       |       |       |     3 |       ||     3
       Paralysed         |       |       |       |     2 |       ||     2
Armor: Robe              |    55 |    16 |    27 |    47 |    33 ||   178
       Skin              |       |       |       |       |    46 ||    46
Dodge: Dodged            |    75 |    30 |    60 |   148 |   101 ||   414
